 Dungeon Sprint DCSS version 0.21.1-1-g345015f (webtiles) character file.

5000000 Fang the Axe Maniac (level 24, -6/249 HPs)
             Began as a Minotaur Gladiator on May 3, 2018.
             Was the Champion of Makhleb.
             Mangled by a bag of meat
             ... wielding a +9 war axe
              (25 damage)
             ... in the Dungeon (Sprint VIII: "Arena of Blood").
             The game lasted 00:00:47 (50 turns).

Fang the Axe Maniac (Minotaur Gladiator)              Turns: 50, Time: 00:00:48

Health: -6/249     AC:  6    Str: 27    XL:     24   Next: 56%
Magic:  22/53      EV: 32    Int:  5    God:    Makhleb [******]
Gold:   0          SH:  0    Dex: 16    Spells: 77/77 levels left

rFire    . . .     SeeInvis .   l - +∞ Axe of Woe
rCold    . . .     Gourm    .   (shield currently unavailable)
rNeg     . . .     Faith    .   b - +0 leather armour
rPois    .         Spirit   .   c - +0 hat
rElec    .         Reflect  .   (no cloak)
rCorr    .         Harm     .   (no gloves)
MR       +....     NoTele   +   (no boots)
Stlth    +++++++++.             (no amulet)
HPRegen  0.51/turn              (no ring)
MPRegen  0.33/turn              (no ring)

@: no status effects
A: retaliatory headbutt, horns 2
a: Minor Destruction, Lesser Servant of Makhleb, Major Destruction, Greater
Servant of Makhleb, Renounce Religion


You were in the Dungeon.
You worshipped Makhleb.
Makhleb was exalted by your worship.
You were not hungry.

You visited 1 branch

Inventory:

Hand Weapons
 a - a +0 war axe
 l - the +∞ Axe of Woe (weapon)
   (You found it in the Dungeon)
Missiles
 d - 3 throwing nets (quivered)
Armour
 b - a +0 leather armour (worn)
 c - a +0 hat (worn)
Scrolls
 k - a scroll of blinking
Potions
 e - a potion of curing
 h - a potion of haste
 i - 2 potions of magic
 j - a potion of berserk rage
Comestibles
 f - a ration


   Skills:
 O Level 27 Fighting
 O Level 27 Axes
 O Level 27 Throwing
 O Level 27 Armour
 O Level 27 Dodging
 O Level 27 Stealth
 O Level 27 Unarmed Combat
 O Level 27 Spellcasting
 O Level 27 Invocations


You had 77 spell levels left.
You didn't know any spells.

Dungeon Overview and Level Annotations

Branches:
Dungeon (1/1)

Altars:
Makhleb


Innate Abilities, Weirdness & Mutations

You reflexively headbutt those who attack you in melee.
You have a pair of horns on your head.


Message History

The destroyer is engulfed in blazing flames.
The destroyer blinks!
You hear a shout!
The tyrant is engulfed in blazing flames.
The tyrant casts a spell.
You hear a shout!
The destroyer blinks!
The bag of meat is engulfed in blazing flames.
The meat berserker hits you with a +9 battleaxe!!!
* * * LOW HITPOINT WARNING * * *
The bag of meat is engulfed in blazing flames.
The large bag of meat moves out of view.
The bag of meat is engulfed in blazing flames.
You hear a shout!
You hear two shouts!
You hear a shout!
A bag of meat comes into view. It is wielding a +9 war axe.
A demon appears!
You hear a shout! x3
The bag of meat is engulfed in blazing flames. x2
The bag of meat hits you with a +9 war axe!!
You die... .... .... ...oOo..... %...oo.oo #.......# . #... ooo#

.. ..###.§.
o..###V..
.....X)###Oo......
....ooo§oooOV.....
..o..#L§oo@#.....
... #X§§oV# ... .
#..X2.# .
...O._..%...
......###......
.o###... ...###. .
#.%. ...# #...
...# ..... ..


You could see a tyrant, 3 destroyers, 3 large abominations, 4 meat berserkers,
19 bags of meat and a friendly balrug.

Vanquished Creatures
  6 vampire knights (D)
  8 ogres (D)
  3 two-headed ogres (D)
  20 orcs (D)
37 creatures vanquished.

Notes
Turn   | Place    | Note
-------+----------+-------------------------------------------
     0 | D        | Found the +∞ Axe of Woe
     0 | D        | Fang the Minotaur Gladiator began the quest for the Orb.
     0 | D        | Reached XP level 1. HP: 18/18 MP: 0/0
     3 | D        | Noticed a bag of meat
     4 | D        | Became a worshipper of Makhleb the Destroyer
     5 | D        | Noticed a bag of meat
     5 | D        | Noticed a bag of meat
     5 | D        | Noticed a bag of meat
     5 | D        | Noticed a bag of meat
     6 | D        | Noticed a bag of meat
     6 | D        | Noticed a bag of meat
     7 | D        | Noticed a bag of meat
     7 | D        | Noticed a bag of meat
     8 | D        | Killed a bag of meat
     8 | D        | Reached skill level 10 in Throwing
     8 | D        | Reached XP level 2. HP: 27/40 MP: 1/1
     8 | D        | Reached XP level 3. HP: 32/47 MP: 2/2
     8 | D        | Reached XP level 4. HP: 37/55 MP: 3/3
     8 | D        | Reached XP level 5. HP: 41/60 MP: 4/4
     8 | D        | Reached XP level 6. HP: 46/68 MP: 5/5
     8 | D        | Reached XP level 7. HP: 51/74 MP: 6/6
     8 | D        | Reached XP level 8. HP: 56/82 MP: 7/7
     8 | D        | Reached XP level 9. HP: 61/89 MP: 8/8
     8 | D        | Reached XP level 10. HP: 65/95 MP: 9/9
     8 | D        | Reached XP level 11. HP: 70/102 MP: 10/10
     9 | D        | Noticed a bag of meat
    10 | D        | Killed a bag of meat
    10 | D        | Reached * piety under Makhleb
    10 | D        | Reached XP level 12. HP: 78/113 MP: 11/11
    10 | D        | Killed a bag of meat
    10 | D        | Reached XP level 13. HP: 85/123 MP: 12/12
    11 | D        | Noticed a bag of meat
    11 | D        | Killed a bag of meat
    11 | D        | Reached skill level 15 in Fighting
    11 | D        | Reached skill level 27 in Axes
    11 | D        | Reached XP level 14. HP: 94/135 MP: 13/13
    12 | D        | Killed a bag of meat
    12 | D        | Reached ** piety under Makhleb
    12 | D        | Killed a bag of meat
    12 | D        | Reached skill level 27 in Dodging
    12 | D        | Reached XP level 15. HP: 108/155 MP: 14/14
    14 | D        | Reached *** piety under Makhleb
    16 | D        | Reached XP level 16. HP: 103/182 MP: 15/15
    19 | D        | Reached skill level 27 in Fighting
    21 | D        | Noticed a meat berserker
    21 | D        | Noticed a large bag of meat
    22 | D        | Noticed a destroyer
    22 | D        | Killed a large bag of meat
    22 | D        | Reached **** piety under Makhleb
    22 | D        | Reached skill level 27 in Throwing
    22 | D        | Reached XP level 17. HP: 191/191 MP: 16/16
    24 | D        | Noticed a destroyer
    24 | D        | Reached skill level 27 in Armour
    25 | D        | Noticed a meat berserker
    26 | D        | Noticed a meat berserker
    26 | D        | Reached skill level 10 in Unarmed Combat
    26 | D        | Reached XP level 18. HP: 200/200 MP: 16/27
    27 | D        | Noticed a meat berserker
    27 | D        | Noticed a destroyer
    27 | D        | Killed a destroyer
    27 | D        | Reached ***** piety under Makhleb
    28 | D        | Killed a meat berserker
    28 | D        | Reached XP level 19. HP: 207/207 MP: 16/35
    29 | D        | Noticed a meat berserker
    29 | D        | Killed a meat berserker
    30 | D        | Noticed a meat berserker
    30 | D        | Noticed a large bag of meat
    31 | D        | Killed a meat berserker
    31 | D        | Killed a meat berserker
    31 | D        | Reached XP level 20. HP: 216/216 MP: 16/40
    31 | D        | Killed a meat berserker
    33 | D        | Noticed a meat berserker
    34 | D        | Killed a destroyer
    34 | D        | Reached skill level 27 in Unarmed Combat
    34 | D        | Reached XP level 21. HP: 142/224 MP: 17/43
    34 | D        | Reached skill level 27 in Invocations
    35 | D        | Reached ****** piety under Makhleb
    35 | D        | Reached skill level 27 in Stealth
    36 | D        | Noticed a destroyer
    36 | D        | Noticed a destroyer
    37 | D        | Noticed a large bag of meat
    37 | D        | Killed a large bag of meat
    39 | D        | Killed a destroyer
    39 | D        | Reached skill level 27 in Spellcasting
    39 | D        | Reached XP level 22. HP: 233/233 MP: 18/52
    41 | D        | Noticed a destroyer
    41 | D        | Killed a destroyer
    41 | D        | Reached XP level 23. HP: 240/240 MP: 19/53
    43 | D        | Noticed a destroyer
    45 | D        | Killed a destroyer
    45 | D        | Reached XP level 24. HP: 249/249 MP: 20/53
    47 | D        | Noticed a tyrant
    47 | D        | Killed a large bag of meat
    47 | D        | Killed a destroyer
    48 | D        | Noticed a destroyer
    49 | D        | Noticed a destroyer
    49 | D        | Noticed a large bag of meat
    50 | D        | Mangled by a bag of meat

Skill      XL: |  1  2  3  4  5  6  7  8  9 10 11 12 13 14 15 16 17 18 19 20 21 |
---------------+----------------------------------------------------------------+-----
Fighting       | 11 12 13 15 19 26 27 | 27.0
Axes           | 21 23 25 27 | 27.0
Throwing       | 10 11 12 13 16 21 27 | 27.0
Dodging        | 18 21 23 24 27 | 27.0
Armour         | 21 27 | 27.0
Stealth        | 8 16 21 24 27 | 27.0
Unarmed Combat | 10 18 24 27 | 27.0
Spellcasting   | 6 13 17 19 27 | 27.0
Invocations    | 9 17 22 26 27 | 27.0

Action                   |  1- 3 |  4- 6 |  7- 9 | 10-12 | 13-15 | 16-18 | 19-21 | 22-24 || total
-------------------------+-------+-------+-------+-------+-------+-------+-------+-------++-------
Melee: Executioner's axe |     1 |       |       |     1 |     5 |     7 |     6 |     5 ||    25
Invok: Greater Servant o |       |       |       |       |       |       |       |     1 ||     1
  Use: Potion            |       |       |       |       |       |       |       |     1 ||     1
Armor: Leather armour    |       |       |       |       |       |       |     1 |       ||     1
Dodge: Dodged            |       |       |       |       |       |     1 |     1 |     2 ||     4
